 Dungeon Crawl Stone Soup version 0.30-a0-23-ge60ba3568b (webtiles) character file.

Game seed: 8957768637618374517

159 SensoryNuts the Chopper (level 4, -5/38 HPs)
             Began as a Demigod Fighter on Aug 25, 2022.
             Slain by Duvessa
             ... wielding a +3 rapier
              (8 damage)
             ... on level 4 of the Dungeon.
             The game lasted 00:03:16 (2768 turns).

SensoryNuts the Chopper (Demigod Fighter)           Turns: 2768, Time: 00:03:16

Health: -5/38      AC:  9    Str: 21    XL:     4   Next: 95%
Magic:  6/6        EV:  9    Int: 10    God:
Gold:   141        SH:  4    Dex: 13    Spells: 3/3 levels left

rFire   . . .      SeeInvis .    a - +0 war axe
rCold   . . .      Faith    .    c - +0 buckler
rNeg    . . .      Spirit   .    b - +0 scale mail
rPois   .          Reflect  .    i - +0 helmet
rElec   .          Harm     .    g - +0 cloak
rCorr   .          Rampage  .    (no gloves)
Will    .....                    (no boots)
Stlth   ..........               (no amulet)
HPRegen 0.12/turn                (no ring)
MPRegen 0.10/turn                (no ring)

@: mighty
A: high MP 1, forlorn, divine attributes
a: no special abilities


You were on level 4 of the Dungeon.
You visited 1 branch of the dungeon, and saw 4 of its levels.

You collected 141 gold pieces.

Inventory:

Hand Weapons
 a - a +0 war axe (weapon)
Armour
 b - a +0 scale mail (worn)
 c - a +0 buckler (worn)
 g - a +0 cloak (worn)
 i - a +0 helmet (worn)
Scrolls
 e - 3 scrolls of identify
 f - a scroll of fear {unknown}
 h - a scroll of magic mapping {unknown}
 k - a scroll of summoning
Potions
 j - 2 potions of degeneration {unknown}


   Skills:
 + Level 3.0 Fighting
 * Level 4.0 Axes
 + Level 3.1 Armour
 + Level 0.7 Dodging
 + Level 0.1 Stealth
 + Level 3.1 Shields


You had 3 spell levels left.
You didn't know any spells.
Your spell library contained the following spells:

 Spells                   Type           Power      Damage    Failure   Level
 Foxfire                  Conj/Fire      0%         2x1d4     80%         1
 Sting                    Tmut/Pois      0%         1d3       80%         1
 Poisonous Vapours        Pois/Air       0%         N/A       90%         2
 Conjure Flame            Conj/Fire      0%         6-21      99%         3
 Inner Flame              Hex/Fire       0%         N/A       99%         3
 Flame Wave               Conj/Fire      0%         2d4       100%        4
 Olgreb's Toxic Radiance  Pois           0%         N/A       100%        4


Dungeon Overview and Level Annotations

Branches:
Dungeon (4/15)
 Temple: D:4-7

Annotations:
D:4 Duvessa


Innate Abilities, Weirdness & Mutations

You have an increased reservoir of magic. (+10% MP)
You shall have no god before yourself.
Your divine heritage dramatically boosts your attributes as you level up.


Message History

There is a stone staircase leading down here.
You feel a little less mighty now.
Key pressed, stopping explore.
HP restored.
Done exploring.
Done exploring.
Done exploring.
You climb downwards.
Level annotation: Dowan, Duvessa
There is a stone staircase leading up here.
No target in view!
No target in view!
f - a scroll labelled QEHI FYK HACKU Dowan is nearby!
Duvessa shouts!
You slash Dowan!
Dowan is heavily wounded.
Dowan hits you with a +0 dagger.
You barely miss Dowan.
Dowan is heavily wounded.
Dowan hits you with a +0 dagger. Dowan gestures at you while chanting.
The puff of flame hits you but does no damage.
You hit Dowan.
Dowan is severely wounded.
You slash Dowan!
You kill Dowan!
Duvessa weeps, and shakes her weapon.
Duvessa goes berserk!
Duvessa hits you with a +3 rapier!
Your Axes skill increases to level 4!
You are too injured to fight recklessly!
You are too injured to fight recklessly!
You are too injured to fight recklessly!
You are too injured to fight recklessly!
Unknown command.
You feel very mighty all of a sudden. Duvessa hits you with a +3 rapier!
* * * LOW HITPOINT WARNING * * *
Duvessa hits you with a +3 rapier!
You die...

...≈§§≈≈≈≈≈...###...#.#..
....#§⌠.≈#§≈.###..###
.≈..#§§_§#§≈......# ..
....#≈≈≈§§...#.#..####...
#§###......#........
..≈.####..#.#... ...
##....## .. #...#..... .
#)@######.# ... ####e##
## ##
.....##.....##.###...
#.........)<........
#.........[÷........
..........:o.........
.....................
.....................
.................$...


You could see Duvessa (berserk) and an orc.

Vanquished Creatures
  Dowan (D:4)
  An orc priest (D:4)
  2 adders
  A worm (D:3)
  4 dart slugs
  4 orcs
  2 bats
  5 endoplasms
  A giant cockroach (D:1)
  3 goblins (D:1)
  A hobgoblin (D:3)
  3 jackals (D:1)
  A quokka (D:1)
  3 ball pythons
  2 frilled lizards (D:2)
  7 kobolds
  7 rats
48 creatures vanquished.

Notes
Turn   | Place    | Note
-------+----------+-------------------------------------------
     0 | D:1      | SensoryNuts the Demigod Fighter began the quest for the
                  | Orb.
     0 | D:1      | Reached XP level 1. HP: 18/18 MP: 3/3
   124 | D:1      | Reached skill level 2 in Axes
   129 | D:1      | Reached XP level 2. HP: 18/25 MP: 4/4
  1313 | D:2      | Reached XP level 3. HP: 30/30 MP: 5/5
  1837 | D:3      | Reached skill level 3 in Axes
  2465 | D:4      | Reached XP level 4. HP: 36/37 MP: 6/6
  2483 | D:4      | Noticed Duvessa
  2486 | D:4      | Noticed Dowan
  2767 | D:4      | Killed Dowan
  2768 | D:4      | Reached skill level 4 in Axes
  2768 | D:4      | Slain by Duvessa

Illustrated notes

Levels and vault maps discovered:
D:1:      tarquinn_simple_flora_water_c, layout_rooms,
          hellmonk_ecumenical_altar_heavens_door
D:2:      layout_basic, minmay_curled_crystal
D:3:      layout_basic, lemuel_doored_altar, kennysheep_boxes
D:4:      layout_cave_pools, nicolae_tso_swordbearing_angel,
          nicolae_qazlal_general_emergency, chequers_serial_rivers_micro_b,
          uniq_duvessa

Skill      XL: |  1  2  3  4 |
---------------+-------------+-----
Axes           | 2 3 4 |  4.0
Shields        | 3 |  3.1
Armour         | 3 |  3.1
Fighting       | 3 |  3.0
Dodging        | |  0.7
Stealth        | |  0.1

Action                   |  1- 3 |  4- 6 || total
-------------------------+-------+-------++-------
Melee: War axe           |   125 |    13 ||   138
  Use: Potion            |     5 |     3 ||     8
       Scroll            |     3 |     1 ||     4
Armor: Scale mail        |    70 |     6 ||    76
Dodge: Dodged            |    83 |     5 ||    88
Block: Buckler           |    37 |     2 ||    39

Table legend: (Time is in decaauts)
 A = Elapsed time spent in this place.
 B = Non-inter-level travel time spent in this place.
 C = Inter-level travel time spent in this place.
 D = Time resting spent in this place.
 E = Time spent auto-exploring this place.
 F = Levels seen in this place.
 G = Mean time per level.
                   A        B        C        D        E       F      G
               +--------+--------+--------+--------+--------+-----+--------+
         Total |   2830 |   2818 |     12 |    233 |   2106 |   4 |  707.5 |
       Dungeon |   2830 |   2818 |     12 |    233 |   2106 |   4 |  707.5 |
               +--------+--------+--------+--------+--------+-----+--------+

Top non-repeatable levels by time:
     D:1: 1052 daAuts
     D:3: 961 daAuts
     D:2: 720 daAuts
     D:4: 96 daAuts
